| TOP OF THE 1ST |
|
West Virginia Black Bears batting - Pitching for Batavia Muckdogs : RHP Wei-guo Tsu
|
|
Pitching: RHP Wei-guo Tsu
|
|
|
Batting: RHB Ken Manser
|
0-0: Ball 1-0: Called Strike 1-1: Foul Ball, location: 2F 1-2: Strikes out swinging
|
|
Batting: LHB Gregg Kellerman
|
0-0: Foul Ball, location: 2F 0-1: Ball 1-1: Ball 2-1: Called Strike 2-2: Ball 3-2: Foul Ball, location: 2F 3-2: SINGLE (Line Drive, 7S, EV 110.6 MPH)
|
|
Batting: LHB Carlos Vega
|
0-0: Ball 1-0: Ball 2-0: Called Strike 2-1: Foul Ball, location: 2F 2-2: Ball 3-2: Foul Ball, location: 2F 3-2: Base on Balls Gregg Kellerman to second
|
|
Batting: LHB Ruben Garza
|
0-0: Called Strike 0-1: Called Strike 0-2: Strikes out swinging
|
|
Batting: RHB Brandon White
|
0-0: DOUBLE (Line Drive, 7LM, EV 106.9 MPH) Gregg Kellerman scores Carlos Vega to third Runner from 3rd tries for Home, SAFE, throw by LF to trailing runner, SAFE at third!
|
|
Batting: LHB Josh Aerni
|
0-0: Swinging Strike 0-1: Ball 1-1: Foul Ball, location: 2F 1-2: Foul Ball, location: 2F 1-2: Ball 2-2: Ball 3-2: Base on Balls
|
|
Batting: SHB Ronnie Brooks
|
0-0: Ball 1-0: Ball 2-0: Called Strike 2-1: Ball 3-1: 3-RUN HOME RUN (Flyball, 9D, EV 92.5 MPH), Distance : 360 ft
|
|
Batting: RHB Perry Dominey
|
0-0: DOUBLE (Line Drive, 9LS, EV 106.2 MPH)
|
|
Batting: RHB Chris Arroyo
|
0-0: Called Strike Perry Dominey is caught stealing 3rd base 2-5
|
| Top of the 1st over - 5 runs, 4 hits, 0 errors, 0 left on base; West Virginia 5 - Batavia 0 |
| BOTTOM OF THE 1ST |
|
Batavia Muckdogs batting - Pitching for West Virginia Black Bears : LHP Ben Buerck
|
|
Pitching: LHP Ben Buerck
|
|
|
Batting: LHB Orlando Rivera
|
0-0: Ball 1-0: Foul Ball, location: 2F 1-1: Ball 2-1: Ground out U3 (Groundball, 3, EV 84.4 MPH)
|
|
Batting: RHB Justin Dunham
|
0-0: Ball 1-0: Ground out 6-3 (Groundball, 6M, EV 109.4 MPH)
|
|
Batting: SHB Matt Moore
|
0-0: Called Strike 0-1: Ball 1-1: Fly out, F9 (Flyball, 9LS, EV 90.6 MPH)
|
| Bottom of the 1st over - 0 runs, 0 hits, 0 errors, 0 left on base; West Virginia 5 - Batavia 0 |
| TOP OF THE 2ND |
|
West Virginia Black Bears batting - Pitching for Batavia Muckdogs : RHP Wei-guo Tsu
|
|
Batting: RHB Chris Arroyo
|
0-0: Ball 1-0: Called Strike 1-1: Swinging Strike 1-2: Ball 2-2: Strikes out swinging
|
|
Batting: RHB Ken Manser
|
0-0: Swinging Strike 0-1: Ball 1-1: Ball 2-1: Ball 3-1: Base on Balls
|
|
Batting: LHB Gregg Kellerman
|
0-0: Called Strike Ken Manser is caught stealing 2nd base 2-6 0-1: Swinging Strike 0-2: Ground out U3 (Groundball, 34, EV 100.6 MPH)
|
| Top of the 2nd over - 0 runs, 0 hits, 0 errors, 0 left on base; West Virginia 5 - Batavia 0 |
| BOTTOM OF THE 2ND |
|
Batavia Muckdogs batting - Pitching for West Virginia Black Bears : LHP Ben Buerck
|
|
Batting: RHB Orlando Landa
|
0-0: Called Strike 0-1: Ball 1-1: TRIPLE (Flyball, 89XD, EV 92.5 MPH)
|
|
Batting: RHB Orlando Melendres
|
0-0: Ball 1-0: Called Strike 1-1: Swinging Strike 1-2: Ball 2-2: Strikes out swinging
|
|
Batting: RHB Torquato Uso
|
0-0: Ball 1-0: Swinging Strike 1-1: Foul Ball, location: 2F 1-2: Ball 2-2: Strikes out swinging
|
|
Batting: LHB Matt McKeon
|
0-0: Fly out, F9 (Flyball, 9D, EV 100.6 MPH)
|
| Bottom of the 2nd over - 0 runs, 1 hit, 0 errors, 1 left on base; West Virginia 5 - Batavia 0 |
| TOP OF THE 3RD |
|
West Virginia Black Bears batting - Pitching for Batavia Muckdogs : RHP Wei-guo Tsu
|
|
Batting: LHB Carlos Vega
|
0-0: Foul Ball, location: 2F 0-1: DOUBLE (Groundball, 3L, EV 103.8 MPH)
|
|
Batting: LHB Ruben Garza
|
0-0: Ball 1-0: Ball 2-0: Ball 3-0: Base on Balls
|
|
Batting: RHB Brandon White
|
0-0: Called Strike 0-1: Swinging Strike 0-2: Strikes out swinging
|
|
Batting: LHB Josh Aerni
|
0-0: SINGLE (Groundball, 4MD, EV 95.6 MPH) Carlos Vega to third Ruben Garza to second Runner from 3rd tries for Home, SAFE, throw by CF to home
|
|
Batting: SHB Ronnie Brooks
|
0-0: Ball 1-0: Called Strike 1-1: Ball 2-1: Called Strike 2-2: Ball 3-2: Foul Ball, location: 2F 3-2: Base on Balls Ruben Garza to third Josh Aerni to second
|
|
Batting: RHB Perry Dominey
|
0-0: Called Strike 0-1: Called Strike 0-2: Ball 1-2: Strikes out swinging
|
|
Batting: RHB Chris Arroyo
|
0-0: Ball 1-0: Ball 2-0: Swinging Strike 2-1: Ball 3-1: Base on Balls Ruben Garza scores Josh Aerni to third Ronnie Brooks to second
|
|
Pitching: RHP Marco Quezada
|
|
|
Batting: RHB Ken Manser
|
0-0: Ball 1-0: Ball 2-0: Ball 3-0: Base on Balls Josh Aerni scores Ronnie Brooks to third Chris Arroyo to second
|
|
Batting: LHB Gregg Kellerman
|
0-0: Fly out, F7 (Flyball, 7, EV 88.1 MPH)
|
| Top of the 3rd over - 3 runs, 2 hits, 0 errors, 3 left on base; West Virginia 8 - Batavia 0 |
| BOTTOM OF THE 3RD |
|
Batavia Muckdogs batting - Pitching for West Virginia Black Bears : LHP Ben Buerck
|
|
Batting: RHB Tony Ledezma
|
0-0: Called Strike 0-1: Ball 1-1: Called Strike 1-2: Ball 2-2: Ball 3-2: Strikes out swinging
|
|
Batting: RHB Dusty Newman
|
0-0: Ball 1-0: Ball 2-0: Called Strike 2-1: SINGLE (Groundball, 6D, EV 96.2 MPH)
|
|
Batting: LHB Orlando Rivera
|
0-0: Fielders Choice at 2nd, 4-6 (Groundball, 4, EV 83.8 MPH)
|
|
Batting: RHB Justin Dunham
|
0-0: Called Strike Orlando Rivera steals 2nd base 0-1: Swinging Strike 0-2: Ball 1-2: Ball 2-2: Strikes out looking
|
| Bottom of the 3rd over - 0 runs, 1 hit, 0 errors, 1 left on base; West Virginia 8 - Batavia 0 |
| TOP OF THE 4TH |
|
West Virginia Black Bears batting - Pitching for Batavia Muckdogs : RHP Marco Quezada
|
|
Batting: LHB Carlos Vega
|
0-0: Ball 1-0: Called Strike 1-1: Called Strike 1-2: Ball 2-2: Ball 3-2: Base on Balls
|
|
Batting: LHB Ruben Garza
|
0-0: Ball Wild Pitch! Carlos Vega to second 1-0: Foul Ball, location: 2F 1-1: Ball 2-1: Ball 3-1: Base on Balls
|
|
Batting: RHB Brandon White
|
0-0: Fielders Choice at 2nd, 1-4 (Groundball, P, EV 70.6 MPH) Carlos Vega to third
|
|
Batting: LHB Josh Aerni
|
0-0: Ball Passed Ball! Carlos Vega scores Brandon White to second 1-0: Ball 2-0: Called Strike 2-1: Foul Ball, location: 2F 2-2: SINGLE (Line Drive, 4MD, EV 103.1 MPH) Brandon White to third Runner from 3rd tries for Home, SAFE, throw by CF to home Josh Aerni to second
|
|
Pitching: RHP Matt Alexander
|
|
|
Batting: SHB Ronnie Brooks
|
0-0: Ball 1-0: Called Strike 1-1: Foul Ball, location: 2F 1-2: Foul Ball, location: 2F 1-2: Foul Ball, location: 2F 1-2: Ball 2-2: Strikes out swinging
|
|
Batting: RHB Perry Dominey
|
0-0: Swinging Strike 0-1: Swinging Strike 0-2: Ground out 2-3 (Groundball, 2R, EV 71.9 MPH)
|
| Top of the 4th over - 2 runs, 1 hit, 0 errors, 1 left on base; West Virginia 10 - Batavia 0 |
| BOTTOM OF THE 4TH |
|
Batavia Muckdogs batting - Pitching for West Virginia Black Bears : LHP Ben Buerck
|
|
Batting: SHB Matt Moore
|
0-0: Called Strike 0-1: Swinging Strike 0-2: Ball 1-2: Ball 2-2: Foul Ball, location: 2F 2-2: Ball 3-2: SINGLE (Line Drive, 7S, EV 95.0 MPH)
|
|
Batting: RHB Orlando Landa
|
0-0: Ball 1-0: SINGLE (Line Drive, 4D, EV 107.5 MPH) Matt Moore to second
|
|
Batting: RHB Orlando Melendres
|
0-0: Foul Ball, location: 2F 0-1: Fielders Choice at 2nd, 5-4 (Groundball, 5S, EV 83.1 MPH) Matt Moore to third
|
|
Batting: RHB Torquato Uso
|
0-0: Ball 1-0: Ball 2-0: Called Strike 2-1: Fly out, F8 (Flyball, 8LM, EV 90.6 MPH)
|
|
Batting: LHB Matt McKeon
|
0-0: Foul Ball, location: 2F 0-1: Swinging Strike 0-2: Strikes out looking
|
| Bottom of the 4th over - 0 runs, 2 hits, 0 errors, 2 left on base; West Virginia 10 - Batavia 0 |
| TOP OF THE 5TH |
|
West Virginia Black Bears batting - Pitching for Batavia Muckdogs : RHP Matt Alexander
|
|
Batting: RHB Chris Arroyo
|
0-0: Ball 1-0: Ground out 5-3 (Groundball, 5S, EV 89.4 MPH)
|
|
Batting: RHB Ken Manser
|
0-0: Swinging Strike 0-1: Ball 1-1: Swinging Strike 1-2: Strikes out swinging, 2-3 out at first.
|
|
Batting: LHB Gregg Kellerman
|
0-0: Ball 1-0: Ball 2-0: Swinging Strike 2-1: Swinging Strike 2-2: Ball 3-2: Ground out U3 (Groundball, 34D, EV 85.0 MPH)
|
| Top of the 5th over - 0 runs, 0 hits, 0 errors, 0 left on base; West Virginia 10 - Batavia 0 |
| BOTTOM OF THE 5TH |
|
Batavia Muckdogs batting - Pitching for West Virginia Black Bears : LHP Ben Buerck
|
|
Batting: RHB Tony Ledezma
|
0-0: Called Strike 0-1: Ball 1-1: Swinging Strike 1-2: Ball 2-2: Foul Ball, location: 2F 2-2: Ball 3-2: DOUBLE (Line Drive, 89D, EV 101.9 MPH)
|
|
Batting: RHB Dusty Newman
|
0-0: Swinging Strike 0-1: Ground out 4-3 (Groundball, 4, EV 83.1 MPH) Tony Ledezma to third
|
|
Batting: LHB Orlando Rivera
|
0-0: Called Strike 0-1: Ball 1-1: Foul Ball, location: 2F 1-2: Foul Ball, location: 2F 1-2: Foul Ball, location: 2F 1-2: Ball 2-2: Foul Ball, location: 2F 2-2: Ball 3-2: Strikes out looking
|
|
Batting: RHB Justin Dunham
|
0-0: Ball 1-0: Ball 2-0: Called Strike 2-1: Called Strike 2-2: SINGLE (Line Drive, 56D, EV 108.8 MPH) Tony Ledezma scores
|
|
Batting: SHB Matt Moore
|
0-0: Ball 1-0: Swinging Strike 1-1: Fly out, F9 (Flyball, 9LM, EV 91.2 MPH)
|
| Bottom of the 5th over - 1 run, 2 hits, 0 errors, 1 left on base; West Virginia 10 - Batavia 1 |
| TOP OF THE 6TH |
|
West Virginia Black Bears batting - Pitching for Batavia Muckdogs : RHP Matt Alexander
|
|
Batting: LHB Carlos Vega
|
0-0: Called Strike 0-1: Ball 1-1: Swinging Strike 1-2: Foul Ball, location: 2F 1-2: Foul Ball, location: 2F 1-2: DOUBLE (Flyball, 8RXD, EV 98.1 MPH)
|
|
Batting: LHB Ruben Garza
|
0-0: Ball 1-0: Ball 2-0: Ball 3-0: Base on Balls
|
|
Batting: RHB Brandon White
|
0-0: Foul Ball, location: 2F 0-1: Ball 1-1: Foul Ball, location: 2F 1-2: Strikes out swinging
|
|
Batting: LHB Josh Aerni
|
0-0: Ball 1-0: Ball 2-0: Foul Ball, location: 2F 2-1: Foul Ball, location: 2F 2-2: Ball 3-2: Foul Ball, location: 2F 3-2: Strikes out swinging
|
|
Batting: SHB Ronnie Brooks
|
0-0: DOUBLE (Line Drive, 3D, EV 95.0 MPH) Carlos Vega scores Ruben Garza to third Runner from 3rd tries for Home, SAFE, no throw by RF
|
|
Pitching: RHP Adrian Bocker
|
|
|
Batting: RHB Perry Dominey
|
0-0: Ball 1-0: Fly out, F8 (Line Drive, 8LD, EV 88.1 MPH)
|
| Top of the 6th over - 2 runs, 2 hits, 0 errors, 1 left on base; West Virginia 12 - Batavia 1 |
| BOTTOM OF THE 6TH |
|
Batavia Muckdogs batting - Pitching for West Virginia Black Bears : LHP Ben Buerck
|
|
Batting: RHB Orlando Landa
|
0-0: Ball 1-0: Ball 2-0: Ball 3-0: Called Strike 3-1: Base on Balls
|
|
Pitching: LHP Hujime Ishida
|
|
|
Batting: RHB Orlando Melendres
|
0-0: Ball 1-0: Fielders Choice at 2nd, 6-4 (Groundball, 6MS, EV 86.2 MPH)
|
|
Batting: RHB Torquato Uso
|
0-0: Ball 1-0: Ball 2-0: Foul Ball, location: 2F 2-1: Called Strike 2-2: Strikes out swinging
|
|
Batting: LHB Matt McKeon
|
0-0: Ball 1-0: Ball 2-0: Called Strike 2-1: Foul Ball, location: 2F 2-2: Ball 3-2: Foul Ball, location: 2F 3-2: Strikes out swinging
|
| Bottom of the 6th over - 0 runs, 0 hits, 0 errors, 1 left on base; West Virginia 12 - Batavia 1 |
| TOP OF THE 7TH |
|
West Virginia Black Bears batting - Pitching for Batavia Muckdogs : RHP Adrian Bocker
|
|
Batting: RHB Chris Arroyo
|
0-0: Foul Ball, location: 2F 0-1: Ball 1-1: Foul Ball, location: 2F 1-2: Foul Ball, location: 2F 1-2: Ball 2-2: Foul Ball, location: 2F 2-2: Ball 3-2: Base on Balls
|
|
Batting: RHB Ken Manser
|
0-0: Ball 1-0: Foul Ball, location: 2F 1-1: Swinging Strike 1-2: Foul Ball, location: 2F 1-2: Foul Ball, location: 2F 1-2: SINGLE (Flyball, 89S, EV 94.4 MPH) Chris Arroyo to second
|
|
Batting: LHB Gregg Kellerman
|
0-0: Ball 1-0: Fly out, F5 (Popup, 5SF, EV 76.2 MPH)
|
|
Batting: LHB Carlos Vega
|
0-0: Ball 1-0: Foul Ball, location: 2F 1-1: Ball 2-1: Foul Ball, location: 2F 2-2: Ball 3-2: DOUBLE (Line Drive, 78XD, EV 107.5 MPH) Chris Arroyo scores Ken Manser to third Runner from 3rd tries for Home, SAFE, throw by CF to trailing runner, OUT at third! 8-3-5
|
|
Pinch Hitting: RHB Terrence Wilson
|
0-0: Foul Ball, location: 2F 0-1: SINGLE (Groundball, 4MD, EV 106.9 MPH)
|
|
Batting: RHB Brandon White
|
0-0: Ball 1-0: Called Strike 1-1: Foul Ball, location: 2F 1-2: Foul Ball, location: 2F 1-2: Strikes out swinging
|
| Top of the 7th over - 2 runs, 3 hits, 0 errors, 1 left on base; West Virginia 14 - Batavia 1 |
| BOTTOM OF THE 7TH |
|
Batavia Muckdogs batting - Pitching for West Virginia Black Bears : LHP Hujime Ishida
|
|
Now in CF: Terrence Wilson
|
|
|
Now in RF: Perry Dominey
|
|
|
Batting: RHB Tony Ledezma
|
0-0: Called Strike 0-1: Swinging Strike 0-2: Foul Ball, location: 2F 0-2: Ball 1-2: Ball 2-2: Strikes out swinging
|
|
Batting: RHB Dusty Newman
|
0-0: Ball 1-0: Called Strike 1-1: Foul Ball, location: 2F 1-2: Fly out, F7 (Line Drive, 7, EV 93.1 MPH)
|
|
Batting: LHB Orlando Rivera
|
0-0: Foul Ball, location: 2F 0-1: Ball 1-1: Ball 2-1: Called Strike 2-2: Strikes out looking
|
| Bottom of the 7th over - 0 runs, 0 hits, 0 errors, 0 left on base; West Virginia 14 - Batavia 1 |
| TOP OF THE 8TH |
|
West Virginia Black Bears batting - Pitching for Batavia Muckdogs : RHP Adrian Bocker
|
|
Batting: LHB Josh Aerni
|
0-0: Ball 1-0: Called Strike 1-1: Ball 2-1: Ball 3-1: Swinging Strike 3-2: Foul Ball, location: 2F 3-2: Base on Balls
|
|
Batting: SHB Ronnie Brooks
|
Balk! Josh Aerni to second 0-0: Ball 1-0: Ground out 4-3 (Groundball, 4S, EV 68.8 MPH) Josh Aerni to third
|
|
Batting: RHB Perry Dominey
|
0-0: Ball 1-0: Swinging Strike 1-1: Ground out 6-3 (Groundball, 6, EV 78.8 MPH) Josh Aerni scores
|
|
Batting: RHB Chris Arroyo
|
0-0: Ball 1-0: Foul Ball, location: 2F 1-1: Called Strike 1-2: SINGLE (Groundball, 56S, EV 99.4 MPH)
|
|
Batting: RHB Ken Manser
|
0-0: Ball 1-0: Foul Ball, location: 2F 1-1: SINGLE (Line Drive, 34D, EV 106.2 MPH) Chris Arroyo to second
|
|
Pitching: RHP Nate Crofts
|
|
|
Batting: LHB Gregg Kellerman
|
0-0: SINGLE (Flyball, 78M, EV 93.8 MPH) Chris Arroyo to third Ken Manser to second Runner from 3rd tries for Home, throw by LF and OUT! 7-2
|
| Top of the 8th over - 1 run, 3 hits, 0 errors, 2 left on base; West Virginia 15 - Batavia 1 |
| BOTTOM OF THE 8TH |
|
Batavia Muckdogs batting - Pitching for West Virginia Black Bears : LHP Hujime Ishida
|
|
Pitching: LHP Juan Villegas
|
|
|
Batting: RHB Justin Dunham
|
0-0: Ball 1-0: Called Strike 1-1: DOUBLE (Groundball, 5L, EV 100.6 MPH)
|
|
Batting: SHB Matt Moore
|
0-0: Ball 1-0: Ground out 5-3 (Groundball, 56S, EV 84.4 MPH)
|
|
Pinch Hitting: RHB Nick Dunton
|
0-0: Ball 1-0: Called Strike 1-1: Swinging Strike 1-2: DOUBLE (Flyball, 8LD, EV 96.2 MPH) Justin Dunham scores
|
|
Batting: RHB Orlando Melendres
|
0-0: Ball Wild Pitch! Nick Dunton to third 1-0: Foul Ball, location: 2F 1-1: Ball 2-1: Hit by Pitch
|
|
Batting: RHB Torquato Uso
|
0-0: Fielders Choice at 2nd, 6-4 (Groundball, 6M, EV 88.1 MPH) Nick Dunton scores
|
|
Pinch Hitting: RHB Manuel Taveras
|
0-0: Ball 1-0: Ball 2-0: Ball 3-0: Called Strike 3-1: Base on Balls Torquato Uso to second
|
|
Batting: RHB Tony Ledezma
|
0-0: Foul Ball, location: 2F 0-1: Ball 1-1: Ball Wild Pitch! Torquato Uso to third Manuel Taveras to second 2-1: SINGLE (Groundball, 6MD, EV 103.8 MPH) Torquato Uso scores Manuel Taveras to third Runner from 3rd tries for Home, SAFE, throw by CF to home
|
|
Pitching: RHP Hitoshi Yoshihara
|
|
|
Batting: RHB Dusty Newman
|
0-0: Ground out 5-3 (Groundball, 5S, EV 86.9 MPH)
|
| Bottom of the 8th over - 4 runs, 3 hits, 0 errors, 1 left on base; West Virginia 15 - Batavia 5 |
| TOP OF THE 9TH |
|
West Virginia Black Bears batting - Pitching for Batavia Muckdogs : RHP Nate Crofts
|
|
Now at SS: Justin Corbett
|
|
|
Now in RF: Nick Dunton
|
|
|
Batting: LHB Carlos Vega
|
0-0: Ball 1-0: Ball 2-0: Ball 3-0: Base on Balls
|
|
Batting: RHB Terrence Wilson
|
0-0: Fielders Choice at 2nd, 2-6 (Groundball, 2R, EV 70.0 MPH)
|
|
Batting: RHB Brandon White
|
0-0: Ball 1-0: Ball 2-0: Ball 3-0: Called Strike 3-1: Base on Balls Terrence Wilson to second
|
|
Batting: LHB Josh Aerni
|
0-0: Called Strike 0-1: Grounds into double play, 6-4-3 (Groundball, 6, EV 100.0 MPH)
|
| Top of the 9th over - 0 runs, 0 hits, 0 errors, 1 left on base; West Virginia 15 - Batavia 5 |
| BOTTOM OF THE 9TH |
|
Batavia Muckdogs batting - Pitching for West Virginia Black Bears : RHP Hitoshi Yoshihara
|
|
Batting: LHB Orlando Rivera
|
0-0: Called Strike 0-1: Ball 1-1: Called Strike 1-2: Strikes out swinging
|
|
Batting: RHB Justin Dunham
|
0-0: Swinging Strike 0-1: Foul Ball, location: 2F 0-2: Ball 1-2: Ball 2-2: Reached on error, E6 (Groundball, 6, EV 85.6 MPH)
|
|
Batting: SHB Matt Moore
|
0-0: Ball 1-0: Foul Ball, location: 2F 1-1: Ball 2-1: Ball 3-1: Foul Ball, location: 2F 3-2: Strikes out swinging
|
|
Batting: RHB Nick Dunton
|
0-0: Called Strike 0-1: Ground out 4-3 (Groundball, 4, EV 84.4 MPH)
|
| Bottom of the 9th over - 0 runs, 0 hits, 1 error, 1 left on base; West Virginia 15 - Batavia 5 |
|